 Dungeon Crawl Stone Soup version 0.30-a0-304-gdc4b735fe1 (webtiles) character file.

Game seed: 14357814740005992871

955 purpskrrrp the Firebug (level 7, -15/46 HPs)
             Began as a Demonspawn Fire Elementalist on Oct 20, 2022.
             Was an Initiate of Vehumet.
             Killed themself with a badly aimed concussive blast (19 damage)
             ... on level 5 of the Dungeon.
             The game lasted 00:11:42 (4905 turns).

purpskrrrp the Firebug (DsFE)                       Turns: 4905, Time: 00:11:42

Health: -15/46     AC:  2    Str:  9    XL:     7   Next: 91%
Magic:  9/13       EV: 13    Int: 18    God:    Vehumet [......]
Gold:   122        SH:  0    Dex: 15    Spells: 8/14 levels left

rFire   . . .      SeeInvis .    (no weapon)
rCold   . . .      Faith    .    (no shield)
rNeg    . . .      Spirit   .    a - +0 robe
rPois   +          Reflect  .    (no helmet)
rElec   .          Harm     .    (no cloak)
rCorr   .          Rampage  .    (gloves unavailable)
Will    .....                    (no boots)
Stlth   +++.......               d - amulet of magic regeneration
HPRegen 0.27/turn                b - ring of poison resistance
MPRegen 0.53/turn                (no ring)

@: weakened
A: thin skeletal structure 1, demonic guardian 1, demonic touch 3
a: Renounce Religion


You were on level 5 of the Dungeon.
You worshipped Vehumet.
Vehumet was noncommittal.
You visited 2 branches of the dungeon, and saw 6 of its levels.

You collected 122 gold pieces.

Inventory:

Missiles
 f - 2 throwing nets
Armour
 a - a +0 robe (worn)
Jewellery
 b - a ring of poison resistance (left hand)
 d - an amulet of magic regeneration (around neck)
Scrolls
 c - a scroll of teleportation
 g - a scroll of identify
Potions
 e - 3 potions of curing
 h - a potion of might
 i - 2 potions of ambrosia
 j - a potion of haste {unknown}
 k - a potion of attraction {unknown}


   Skills:
 + Level 4.0 Dodging
 - Level 2.1 Stealth
 + Level 4.1 Spellcasting
 + Level 4.0 Conjurations
 * Level 5.8 Fire Magic


You had 8 spell levels left.
You knew the following spells:

 Your Spells              Type           Power      Damage    Failure   Level
a - Foxfire               Conj/Fire      84%        2x1d8     1%          1
b - Scorch                Fire           48%        2d7       1%          2
c - Kindle Blastsparks    Fire/Tloc/Air  20%        2d11      21%         3

Your spell library contained the following spells:

 Spells                   Type           Power      Damage    Failure   Level
 Inner Flame              Hex/Fire       14%        N/A       13%         3
 Flame Wave               Conj/Fire      21%        2d8       19%         4


Dungeon Overview and Level Annotations

Branches:
Dungeon (5/15)             Temple (1/1) D:5

Altars:
Ashenzari
Dithmenos
Fedhas
Gozag
Kikubaaqudgha
Nemelex Xobeh
Okawaru
Qazlal
Ru
Sif Muna
Uskayaw
Vehumet
Xom
Yredelemnul

Shops:
D:2 :


Innate Abilities, Weirdness & Mutations

You have a somewhat thin skeletal structure. (Dex +2, Stealth+)
A weak demonic guardian rushes to your aid.
Your touch may irresistibly damage your foes and sap their willpower.


Message History

The black bear claws your quasit but does no damage.
Your quasit bites the black bear.
Your quasit barely misses the black bear. x2
The gnoll barely misses you.
Your quasit bites the black bear.
Your quasit claws the black bear but does no damage. x2
The black bear closely misses your quasit.
The black bear claws your quasit.
The black bear claws your quasit but does no damage.
There is an open door here.
Your quasit bites the black bear but does no damage.
Your quasit barely misses the black bear. x2
The black bear barely misses your quasit.
The black bear claws your quasit but does no damage. x2
Casting: Foxfire (safe; 1% risk of failure)
Confirm with . or Enter, or press ? or * to list all spells.
A cloud of volatile blastsparks flares up around you!
Your quasit bites the black bear but does no damage.
Your quasit closely misses the black bear.
Your quasit claws the black bear but does no damage.
The scorpion stings you. The gnoll closely misses you.
The scorpion stings you but does no damage.
The cloud of blastsparks explodes!
The concussive blast engulfs the scorpion!!
The scorpion is almost dead.
The concussive blast engulfs you!
* * * LOW HITPOINT WARNING * * *
You are knocked back by the blast.
Casting: Kindle Blastsparks (dangerous; 21% risk of failure)
Confirm with . or Enter, or press ? or * to list all spells.
A cloud of volatile blastsparks flares up around you!
The gnoll is no longer moving quickly.
The gnoll bouda gazes fiercely through you!
You feel your attacks grow feeble.
The cloud of blastsparks explodes!
The concussive blast engulfs the scorpion.
You kill the scorpion!
Vehumet accepts your kill. The concussive blast engulfs you!!
You die...

#############
#...........#
#.#########.#
#.#########.#
#########.........#.#
.........########.#.#
........gg...@..#.#.#
.......5g######.#.#.#
.........# #.#.#
......5..# #.#.#
.....)#### #.#.#
...... #.#.# ......
#.#.# ..... #.#.#
...? #.#.#


You could see a gnoll bouda, 2 gnolls and a friendly quasit (summoned).

Vanquished Creatures
  Sigmund (D:4)
  3 scorpions
  A jelly (D:5)
  2 hounds (D:4)
  Natasha (thrice) (D:3)
  2 iguanas
  An orc wizard (D:3)
  12 gnolls
  5 adders
  A white imp (D:5)
  2 worms
  4 dart slugs
  6 orcs
  10 ball pythons
  4 endoplasms
  2 giant cockroaches
  12 goblins
  7 hobgoblins
  5 jackals (D:2)
  3 quokkas
  6 bats
  3 frilled lizards
  5 kobolds
  3 rats (D:1)
103 creatures vanquished.

Vanquished Creatures (collateral kills)
  A phantom (D:4)
  An orc priest (D:4)
  A gnoll bouda (D:4)
  3 gnolls (D:4)
  A ball python (D:4)
  2 foxfires (D:1)
9 creatures vanquished.

Vanquished Creatures (others)
  420 foxfires
  A plant (D:1)
421 creatures vanquished.

Grand Total: 533 creatures vanquished

Notes
Turn   | Place    | Note
-------+----------+-------------------------------------------
     0 | D:1      | purpskrrrp the Demonspawn Fire Elementalist began the quest
                  | for the Orb.
     0 | D:1      | Reached XP level 1. HP: 13/13 MP: 3/3
   245 | D:1      | Gained mutation: Your touch may inflict minor irresistible
                  | damage on your foes. [demonic ancestry]
   245 | D:1      | Reached XP level 2. HP: 19/19 MP: 3/5
   627 | D:1      | Reached skill level 3 in Fire Magic
  1386 | D:2      | Gained mutation: A weak demonic guardian rushes to your
                  | aid. [demonic ancestry]
  1386 | D:2      | Reached XP level 3. HP: 24/24 MP: 1/6
  1741 | D:2      | Found Guwkibod's Book Shoppe.
  2055 | D:2      | Gained mutation: You have a somewhat thin skeletal
                  | structure. (Dex +2, Stealth+) [demonic ancestry]
  2055 | D:2      | Reached XP level 4. HP: 30/30 MP: 7/7
  2325 | D:3      | Noticed Natasha
  2331 | D:3      | Killed Natasha
  2352 | D:3      | Noticed Natasha
  2357 | D:3      | Killed Natasha
  2358 | D:3      | Reached XP level 5. HP: 35/35 MP: 3/9
  2417 | D:3      | Reached skill level 4 in Fire Magic
  2560 | D:3      | Noticed Natasha
  2563 | D:3      | Killed Natasha
  2938 | D:4      | Gained mutation: Your touch may inflict irresistible damage
                  | on your foes. [demonic ancestry]
  2938 | D:4      | Reached XP level 6. HP: 41/41 MP: 7/10
  3330 | D:4      | Found a hide-covered altar of Uskayaw.
  3365 | D:4      | Noticed Sigmund
  3369 | D:4      | Learned a level 2 spell: Scorch
  3373 | D:4      | Killed Sigmund
  3374 | D:4      | Reached skill level 5 in Fire Magic
  3374 | D:4      | Gained mutation: Your touch may irresistibly damage your
                  | foes and sap their willpower. [demonic ancestry]
  3374 | D:4      | Reached XP level 7. HP: 39/46 MP: 8/12
  4401 | D:5      | Entered Level 5 of the Dungeon
  4403 | D:5      | Found a staircase to the Ecumenical Temple.
  4423 | Temple   | Entered the Ecumenical Temple
  4570 | Temple   | Became a worshipper of Vehumet
  4625 | D:5      | Learned a level 3 spell: Kindle Blastsparks
  4905 | D:5      | Killed themself with a badly aimed concussive blast

Illustrated notes

Levels and vault maps discovered:
D:1:      minmay_arrival_semitransparent, layout_basic, serial_forest,
          infiniplex_forest_clump_medium, infiniplex_forest_clump_tiny,
          infiniplex_forest_diagonal, infiniplex_forest_pool,
          infiniplex_forest_zigzag_2, infiniplex_forest_lined_3,
          infiniplex_forest_side_room, infiniplex_forest_lined_3,
          infiniplex_forest_zigzag_1, minivault_14, st_stairs_1,
          minmay_strange_pillars
D:2:      minmay_skewed_foursquare, layout_rooms, serial_shops, shop_fountains,
          minmay_misc_feat_secret_circle
D:3:      layout_rooms, uniq_natasha
D:4:      layout_cave_pods, nicolae_uskayaw_murder_on_the_dancefloor,
          uniq_sigmund
D:5:      layout_basic, worldfamousw_hep_ancestral_shrine,
          minmay_temple_entry_waves
Temple:   nicolae_temple_elliptical

Skill      XL: |  1  2  3  4  5  6  7 |
---------------+----------------------+-----
Stealth        | 2 |  2.1
Dodging        | 2 3 4 |  4.0
Fire Magic     | 3 4 5 |  5.8
Conjurations   | 2 3 4 |  4.0
Spellcasting   | 3 4 |  4.1

Action                   |  1- 3 |  4- 6 |  7- 9 || total
-------------------------+-------+-------+-------++-------
Melee: Unarmed           |    70 |    36 |    40 ||   146
       Punch             |     1 |       |     1 ||     2
       Touch             |    11 |    12 |     7 ||    30
 Cast: Foxfire           |   107 |   126 |    43 ||   276
       Kindle Blastspark |       |       |     2 ||     2
       Scorch            |       |       |     1 ||     1
  Use: Potion            |     1 |     1 |     2 ||     4
       Scroll            |     1 |     4 |     4 ||     9
Armor: Robe              |    15 |       |     5 ||    20
Dodge: Dodged            |    34 |    28 |    35 ||    97

Table legend: (Time is in decaauts)
 A = Elapsed time spent in this place.
 B = Non-inter-level travel time spent in this place.
 C = Inter-level travel time spent in this place.
 D = Time resting spent in this place.
 E = Time spent auto-exploring this place.
 F = Levels seen in this place.
 G = Mean time per level.
                   A        B        C        D        E       F      G
               +--------+--------+--------+--------+--------+-----+--------+
         Total |   4904 |   4716 |    188 |    631 |   3324 |   6 |  817.3 |
       Dungeon |   4746 |   4567 |    179 |    631 |   3215 |   5 |  949.2 |
        Temple |    158 |    149 |      9 |      0 |    109 |   1 |  158.0 |
               +--------+--------+--------+--------+--------+-----+--------+

Top non-repeatable levels by time:
     D:4: 1510 daAuts
     D:1: 1360 daAuts
     D:2: 847 daAuts
     D:3: 682 daAuts
     D:5: 345 daAuts
  Temple: 158 daAuts
